 Dungeon Crawl Stone Soup version 0.17-a0-764-gd40c196 (webtiles) character file.

226 barthelme the Ducker (level 5, 0/79 HPs)
             Began as a Troll Berserker on Apr 23, 2015.
             Was a Priest of Trog.
             Slain by a gnoll
             ... wielding a +0 spear
              (3 damage)
             ... on level 4 of the Dungeon.
             The game lasted 00:10:03 (1920 turns).

barthelme the Ducker (Troll Berserker)              Turns: 1920, Time: 00:10:03

Health: 0/79       AC:  6    Str: 31    XL:     5   Next: 69%
Magic:  4/4        EV: 11    Int:  3    God:    Trog [***...]
Gold:   94         SH:  0    Dex:  9    Spells: 0 memorised, 4 levels left

rFire  + . .     SeeInvis .     (no weapon)
rCold  x . .     Clarity  .     b - +0 animal skin
rNeg   . . .     SustAb   .     (no shield)
rPois  .         Gourm    +     (helmet restricted)
rElec  .         Spirit   .     l - +0 cloak
rCorr  .         Warding  .     (gloves unavailable)
rMut   .         Stasis   .     (boots unavailable)
MR     ++...                    (no amulet)
Stlth  ..........               (no ring)
                                d - ring of fire

@: berserking, lethally poisoned (0 -> 0), regenerating, very quick, very
resistant to hostile enchantments, extremely unstealthy
A: unfitting armour, claws 3, fast metabolism 3, gourmand, regeneration 2,
shaggy fur 1, tough skin 2
a: Burn Spellbooks, Berserk, Trog's Hand, Renounce Religion


You were on level 4 of the Dungeon.
You worshipped Trog.
Trog was most pleased with you.
You were full.

You visited 1 branch of the dungeon, and saw 4 of its levels.

You collected 94 gold pieces.

Inventory:

Armour
 b - a +0 animal skin (worn)
 l - a +0 cloak (worn)
Jewellery
 d - a ring of fire (left claw)
Scrolls
 a - a scroll of remove curse
 f - a scroll of blinking
 m - a scroll of fear
 o - a scroll of magic mapping
Potions
 e - a potion of might
 g - 5 potions of resistance
 h - a potion of agility
 k - a potion of poison
 n - a potion of cure mutation {unknown}
Comestibles
 c - 6 bread rations
 i - a meat ration


   Skills:
 + Level 3.5 Fighting
   Level 2.8 Maces & Flails
 + Level 4.5 Dodging


You had 4 spell levels left.
You didn't know any spells.

Dungeon Overview and Level Annotations

Branches:
Dungeon (4/15)
 Temple: D:4-7

Altars:
Cheibriados
Yredelemnul


Innate Abilities, Weirdness & Mutations

You are too large for most types of armour.
You have claws for hands.
Your metabolism is lightning-fast.
You like to eat raw meat.
You heal very quickly.
You are covered in fur (AC +1).
You have very tough skin (AC +2).


Message History

The orc wizard is almost dead.
The orc closely misses you. x2
The orc wizard hits you but does no damage.
You are poisoned.
You scratch the orc wizard.
You kill the orc wizard!
Trog accepts your kill.
Trog appreciates your killing of a magic user.
You feel sick. Something hits you but does no damage.
The gnoll barely misses you. x2
You claw the gnoll!
The gnoll begins to bleed from its wounds!
The gnoll is almost dead.
You feel sick. The orc hits you but does no damage. The orc closely misses you.
Something hits you but does no damage.
You claw the gnoll!
You kill the gnoll!
Trog accepts your kill. The gnoll hits you with a spear.
You die...

.......# ........##
#.$.#.....###########
#................##.#
#.(.............###.###
##................##....
..............[.(.##....
........)o.........##....
.......)@g...............
..>....o.{.........#.....
.....(..................
.................###....
..........#####.## ##..#
..##....## #######... #
#...?# #....... .....#.
##.##.... ..##..
#.....#.#


You could see a gnoll and 2 orcs.

Vanquished Creatures
  A hound (D:4)
  An orc wizard (D:4)
  4 adders
  2 gnolls (D:4)
  An ooze (D:2)
  2 worms (D:3)
  4 giant geckos
  17 orcs (D:3)
  16 bats
  2 giant cockroaches
  9 goblins
  8 hobgoblins
  4 jackals (D:3)
  7 kobolds
  2 giant newts
  3 rats
83 creatures vanquished.

Vanquished Creatures (others)
  An orc (D:4)
  A quokka (D:4)
  2 bats (D:4)
  A rat (D:4)
5 creatures vanquished.

Grand Total: 88 creatures vanquished

Notes
Turn   | Place    | Note
--------------------------------------------------------------
     0 | D:1      | barthelme, the Troll Berserker, began the quest for the Orb.
     0 | D:1      | Reached XP level 1. HP: 22/22 MP: 0/0
   175 | D:1      | Reached XP level 2. HP: 26/29 MP: 1/1
   342 | D:1      | Reached skill level 3 in Fighting
   392 | D:1      | Acquired Trog's second power
   579 | D:2      | Reached XP level 3. HP: 33/37 MP: 2/2
   675 | D:2      | Found a basalt altar of Yredelemnul.
  1254 | D:3      | Found a snail-covered altar of Cheibriados.
  1265 | D:3      | Reached XP level 4. HP: 45/45 MP: 3/3
  1516 | D:3      | Reached skill level 4 in Dodging
  1519 | D:3      | Reached XP level 5. HP: 40/53 MP: 4/4
  1916 | D:4      | HP: 2/79 [gnoll/halberd (8)]
  1920 | D:4      | Slain by a gnoll

Action                   |  1- 3 |  4- 6 || total
-------------------------+-------+-------++-------
Melee: Mace              |   118 |       ||   118
       Unarmed           |    10 |   136 ||   146
Invok: Berserk           |     1 |     2 ||     3
       Burn Spellbooks   |       |     1 ||     1
       Trog's Hand       |       |     1 ||     1
  Use: Scroll            |     8 |     5 ||    13
  Eat: Chunk             |     8 |    14 ||    22
